 Dungeon Crawl Stone Soup version 0.12.3 (webtiles) character file.

405 Nicket52 the Covered (level 6, -8/48 HPs)
             Began as a Human Fighter on Oct 2, 2022.
             Was an Initiate of Makhleb.
             Mangled by Pikel
             ... wielding a +1,+0 whip of electrocution
              (20 damage)
             ... on Level 4 of the Dungeon.
             The game lasted 00:18:14 (4857 turns).

Nicket52 the Covered (Human Fighter)                Turns: 4857, Time: 00:18:14

HP  -8/48        AC  7     Str 18      XL: 6   Next: 24%
MP   5/5         EV 11     Int 14      God: Makhleb [......]
Gold 174         SH 19     Dex 12      Spells:  0 memorised,  5 levels left

Res.Fire  : + . .   See Invis. : .   a - +1,+0 falchion
Res.Cold  : x . .   Warding    : .   b - +0 scale mail
Life Prot.: . . .   Conserve   : .   c - +0 shield
Res.Poison: .       Res.Corr.  : .   (no helmet)
Res.Elec. : .       Clarity    : .   (no cloak)
Sust.Abil.: . .     Spirit.Shd : .   (no gloves)
Res.Mut.  : .       Stasis     : .   (no boots)
Res.Rott. : .       Ctrl.Telep.: .   e - amulet of the gourmand
Gourmand  : +       Flight     : .   q - +5 ring of evasion
                                     h - ring of fire

@: brilliant, slightly resistant to hostile enchantments, extremely unstealthy
A: no striking features
a: Renounce Religion


You were on level 4 of the Dungeon.
You worshipped Makhleb.
Makhleb was pleased with you.
You were not hungry.

You visited 1 branch of the dungeon, and saw 4 of its levels.

You collected 154 gold pieces.

Inventory:

Hand weapons
 a - a +1,+0 falchion (weapon)
Missiles
 k - a poisoned dart (quivered)
Armour
 b - a +0 scale mail (worn)
 c - a +0 shield (worn)
Comestibles
 d - 5 bread rations
Scrolls
 g - 2 scrolls of remove curse {unknown}
 l - a scroll of random uselessness
Jewellery
 e - an amulet of the gourmand (around neck)
 h - a ring of fire (left hand)
 j - an uncursed amulet of guardian spirit
 m - an uncursed amulet of stasis {unknown}
 q - a +5 ring of evasion (right hand)
Books
 n - a book of Dreams

   Spells                             Type                      Level
   Ensorcelled Hibernation            Hexes/Ice                    2
   Flight                             Charms/Air                   3
   Phase Shift                        Translocation                5
   Shadow Creatures                   Summoning                    5
   Mass Confusion                     Hexes                        6
   Darkness                           Hexes                        7


   Skills:
 + Level 3.3 Fighting
 * Level 3.7 Long Blades
 + Level 4.0 Armour
 + Level 2.0 Dodging
 + Level 3.9 Shields
 + Level 0.4 Traps


You had 5 spell levels left.
You didn't know any spells.

Dungeon Overview and Level Annotations

Branches:
Dungeon (4/27)
 Temple: D:4-7

Altars:
Fedhas
Makhleb
Sif Muna
Yredelemnul
the Shining One

Annotations
D:2 Sigmund
D:4 Pikel


Message History

Drink which item? (? for menu, Esc to quit)
You feel better. You block Pikel's attack.
Drink which item? (? for menu, Esc to quit)
You feel more clever all of a sudden.
It was a potion of brilliance.
Pikel barely misses you.
Read which item? (? for menu, Esc to quit)
You can't read that!
Unknown command.
Read which item? (? for menu, Esc to quit)
As you read the scroll labeled TIHIREMUIS, it crumbles to dust.
You feel aware of your surroundings.
It was a scroll of magic mapping.
There is an open door here.
Pikel says, "I'm sure the Orcish Mines are around here somewhere..."
You block Pikel's attack.
There is a stone staircase leading up here.
Pikel shouts, "If I can't have you, no one shall!"
Pikel hits you with a whip of electrocution.
* * * LOW HITPOINT WARNING * * *
You are electrocuted!
You die...

****
*******#......@#####......#*
##...###......###+#**
####### #...@.@......# *,* *
#.....#######..@##%......#
*,* *
#.....'.....'@..##.......# *
***
#.....#######@..##.......#
*,,,, #.....#
#.##########.#**,*** #.....#
#.K........#..,,>*** #.....#
###@.......#,**,,, , #.....#
################.#*,,,,,
#.###.#
#...##......%....#*,,,,, #.#
#.###...##.#########.#*,,,,,
#.# #...#...##.# *,***+***
##.# #...+...'..# *,,,,,,,*
...###...#...#### *,,,,,,,*
.............# *,,,,,,,*
..........#..# * ,,,,,,*


You could see Pikel and a slave.

Vanquished Creatures
  2 hounds
  A worker ant (D:4)
  Ijyb (D:4)
  4 adders
  A giant mite (D:3)
  2 worms
  An ooze (D:2)
  6 orcs
  A ball python (D:2)
  7 goblins
  6 hobgoblins
  7 jackals
  6 kobolds
  4 quokkas
  7 bats
  2 giant cockroaches
  3 giant geckos
  4 giant newts
  4 rats
69 creatures vanquished.

Vanquished Creatures (others)
  A hobgoblin (D:3)
1 creature vanquished.

Grand Total: 70 creatures vanquished

Notes
Turn   | Place    | Note
--------------------------------------------------------------
     0 | D:1      | Nicket52, the Human Fighter, began the quest for the Orb.
     0 | D:1      | Reached XP level 1. HP: 18/18 MP: 0/0
     5 | D:1      | Noticed a fire drake
     5 | D:1      | Noticed a grizzly bear
     5 | D:1      | Noticed a lindwurm
     5 | D:1      | Noticed a wolf
   388 | D:1      | Reached XP level 2. HP: 24/24 MP: 1/1
  1160 | D:2      | Noticed Sigmund
  1479 | D:2      | Reached XP level 3. HP: 30/30 MP: 2/2
  1526 | D:2      | Reached skill level 1 in Dodging
  1546 | D:2      | HP: 1/30 [poisoned by an adder]
  2071 | D:2      | Found a deep blue altar of Sif Muna.
  2236 | D:2      | Reached XP level 4. HP: 36/36 MP: 3/3
  2720 | D:2      | Found a glowing golden altar of the Shining One.
  2999 | D:2      | Found a basalt altar of Yredelemnul.
  3029 | D:3      | Found a blossoming altar of Fedhas.
  3631 | D:3      | Reached XP level 5. HP: 25/41 MP: 4/4
  3996 | D:3      | Found a burning altar of Makhleb.
  4009 | D:3      | Became a worshipper of Makhleb the Destroyer
  4344 | D:4      | Reached skill level 4 in Armour
  4344 | D:4      | Reached XP level 6. HP: 18/48 MP: 5/5
  4780 | D:4      | Noticed Ijyb
  4802 | D:4      | Killed Ijyb
  4816 | D:4      | Noticed a slave
  4817 | D:4      | Noticed Pikel
  4818 | D:4      | Noticed a slave
  4818 | D:4      | Noticed a slave
  4819 | D:4      | Noticed a slave
  4857 | D:4      | Mangled by Pikel

Action                   |  1- 3 |  4- 6 || total
-------------------------+-------+-------++-------
Melee: Falchion          |   142 |   280 ||   422
       Unarmed           |     5 |       ||     5
  Use: Scroll            |     5 |     5 ||    10
       Potion            |     2 |     3 ||     5
